 Dungeon Crawl Stone Soup version 0.21-a0-356-g45b0a09 (webtiles) character file.

4642 Angani the Cleaver (level 10, 0/109 HPs)
             Began as a Gnoll Wanderer on Oct 11, 2017.
             Was a Follower of Ashenzari.
             Slain by a two-headed ogre
             ... wielding a cursed +0 dire flail
              (3 damage)
             ... on level 8 of the Dungeon on Oct 12, 2017.
             The game lasted 00:28:30 (8321 turns).

Angani the Cleaver (Gnoll Wanderer)                 Turns: 8321, Time: 00:28:31

Health: 0/109      AC: 25    Str: 13    XL:     10   Next: 43%
Magic:  0/17       EV:  2    Int: 19    God:    Ashenzari [*.....]
Gold:   128        SH:  0    Dex: 15    Spells: 18/19 levels left

rFire    + . .     SeeInvis .   C - +0 battleaxe (curse)
rCold    . . .     Gourm    .   (shield currently unavailable)
rNeg     + + +     Faith    .   (armour currently unavailable)
rPois    +         Spirit   +   (helmet currently unavailable)
rElec    .         Reflect  .   (cloak currently unavailable)
rCorr    .         Harm     .   (gloves currently unavailable)
MR       .....     NoTele   +   (boots currently unavailable)
Stlth    +++.......             d - amulet of guardian spirit
HPRegen  0.28/turn              l - ring of protection from fire
MPRegen  0.15/turn              (no ring)

@: tree-form
A: distributed training, rugged brown scales 1, frail 1, wild magic 1, strong
nose
a: Curse Item, Scrying, Renounce Religion


You were on level 8 of the Dungeon.
You worshipped Ashenzari.
Ashenzari was aware of your devotion.
You were not hungry.
You were a tree.
You visited 2 branches of the dungeon, and saw 9 of its levels.
You also visited: Sewer.

You collected 461 gold pieces.
You spent 333 gold pieces at shops.

Inventory:

Hand Weapons
 b - a +2 blowgun
 C - a cursed +0 battleaxe (weapon)
 F - the +7 halberd of the Boiling Point {chop, rN++}
   (You bought it in a shop on level 7 of the Dungeon)

   It inflicts extra damage upon your enemies.
   It greatly protects you from negative energy.
Missiles
 a - 4 curare-tipped needles
 u - 14 poisoned needles
Armour
 e - the +2 helmet "Ecresk" (melded) {-Tele rF+ rN+ Regen+}
   (You took it off Robin on level 2 of the Dungeon)

   It protects you from fire.
   It protects you from negative energy.
   It prevents most forms of teleportation.
   It increases your rate of regeneration.
 k - a cursed +2 cloak (melded)
 v - a cursed +0 scale mail (melded)
 A - a cursed +0 pair of boots (melded)
 D - the cursed +0 large shield "Ipralar" {rPois SInv}
   (You found it on level 7 of the Dungeon)

   It protects you from poison.
   It lets you see invisible.
   It has a curse placed upon it.
Jewellery
 d - an amulet of guardian spirit (around neck)
 l - a ring of protection from fire (left branch)
 x - an uncursed amulet of harm
Wands
 c - a wand of confusion (16/48)
 t - a wand of confusion (0/48)
 w - a wand of enslavement (13/24)
Scrolls
 i - 3 scrolls of enchant weapon
 n - 2 scrolls of fog
 p - 2 scrolls of blinking
 q - 2 scrolls of fear
 r - 6 scrolls of teleportation
Potions
 g - 3 potions of magic
 j - 2 potions of resistance
 o - a potion of brilliance
 s - 3 potions of flight
 B - a potion of haste
Books
 y - a book of Cantrips

   Spells                             Type                      Level
   a - Confusing Touch                Hexes                        1
   b - Animate Skeleton               Necromancy                   1
   c - Summon Small Mammal            Summoning                    1
   d - Apportation                    Translocation                1
 E - a book of Misfortune

   Spells                             Type                      Level
   a - Confusing Touch                Hexes                        1
   b - Confuse                        Hexes                        3
   c - Gell's Gravitas                Translocation                3
   d - Petrify                        Transmutation/Earth          4
   e - Metabolic Englaciation         Hexes/Ice                    5
   f - Yara's Violent Unravelling     Hexes/Transmutation          5
Comestibles
 f - 6 bread rations
 h - 7 royal jellies
 m - a meat ration


   Skills:
 + Level 7.0 Fighting
 + Level 5.2 Short Blades
 + Level 5.2 Long Blades
 + Level 8.4 Axes
 + Level 5.2 Maces & Flails
 + Level 5.2 Polearms
 + Level 5.2 Staves
 + Level 5.2 Slings
 + Level 5.2 Bows
 + Level 5.2 Crossbows
 + Level 5.8 Throwing
 + Level 7.0 Armour
 + Level 5.2 Dodging
 + Level 5.7 Stealth
 + Level 5.2 Shields
 + Level 5.2 Unarmed Combat
 + Level 5.2 Spellcasting
 + Level 5.2 Conjurations
 + Level 5.2 Hexes
 + Level 5.2 Charms
 + Level 5.2 Summonings
 + Level 5.2 Necromancy
 + Level 5.2 Translocations
 + Level 5.2 Transmutations
 + Level 5.2 Fire Magic
 + Level 5.2 Ice Magic
 + Level 5.2 Air Magic
 + Level 5.2 Earth Magic
 + Level 5.2 Poison Magic
 + Level 5.2 Invocations
 + Level 5.8 Evocations


You had 18 spell levels left.
You knew the following spells:

 Your Spells              Type           Power        Failure   Level  Hunger
a - Apportation           Tloc           ####..       2%          1    None


Dungeon Overview and Level Annotations

Branches:
Dungeon (8/15)             Temple (1/1) D:4
   Lair: D:8-11

Altars:
Ashenzari
Dithmenos
Elyvilon
Fedhas
Gozag
Hepliaklqana
Makhleb
Nemelex Xobeh
Qazlal
Sif Muna
Trog
Uskayaw
Vehumet
Wu Jian
Yredelemnul
Zin
The Shining One

Shops:
D:7 [?=(

Annotations:
D:6 exclusion: door


Innate Abilities, Weirdness & Mutations

Your experience applies equally to all skills.
((You have very sharp teeth.))
Your uncanny sense of smell can sniff out nearby items.
((You have sharp fingernails.))
((You are partially covered in icy blue scales. (AC +2)))
(You are partially covered in rugged brown scales. (AC +1, +3% HP))
((You can translocate small distances at will.))
((Armour fits poorly on your strangely shaped body.))
You are frail. (-10% HP)
Your spells are a little harder to cast, but a little more powerful.


Message History

The two-headed ogre hits you but does no damage. x2
You hit the two-headed ogre.
The two-headed ogre is almost dead.
The two-headed ogre hits you but does no damage. x2
You hit the two-headed ogre.
The two-headed ogre is almost dead.
The two-headed ogre hits you but does no damage.
The two-headed ogre hits you with a giant club!
* * * LOW HITPOINT WARNING * * *
You barely miss the two-headed ogre.
The two-headed ogre is almost dead.
The two-headed ogre hits you with a dire flail.
* * * LOW HITPOINT WARNING * * *
The two-headed ogre hits you but does no damage.
You barely miss the two-headed ogre.
The two-headed ogre is almost dead.
The two-headed ogre hits you with a dire flail!
* * * LOW HITPOINT WARNING * * *
The two-headed ogre hits you with a giant club.
You die...

#.............# ####S.;≈≈≈
#####.###.<.####.#.##h.†T..≈≈.
...........## #.###..h##h..≈≈.
#####.####.# #.#.#### {...≈. #
#.# #<######h## .... # #.#
#......h## ∆... #
#.####.#####h# ## # #....#.#
#O# # ####.#.# #♣# # #.....#
#.# ######.....# #.#
.........>.# #.# ######.....#
#.# #.....# #.# ###.### #.#
#.# #.# #.#


You could see a two-headed ogre, a wolf and 2 hounds.

Vanquished Creatures
  Pikel (D:6)
  The ghost of gorpus the Slasher, a novice OpWr of Ashenzari (D:6)
  Joseph (D:7)
  A hippogriff (D:5)
  A human (D:7)
  4 hogs (D:7)
  Edmund (D:6)
  A water moccasin (D:7)
  An orc warrior (D:6)
  3 ice beasts
  A sky beast (D:7)
  A necrophage (D:7)
  An ogre (D:7)
  A phantom (D:7)
  A centaur (D:5)
  A big kobold (D:6)
  A bullfrog (D:6)
  2 scorpions
  2 electric eels (D:6)
  3 crimson imps
  A howler monkey (D:6)
  A bullfrog zombie (D:7)
  A jelly (D:4)
  3 orc priests
  A centaur skeleton (D:5)
  2 bullfrog skeletons
  5 hounds
  7 orc wizards
  2 iguanas
  Natasha (D:2)
  Ijyb (D:3)
  6 worker ants
  A howler monkey zombie (D:5)
  Robin (D:2)
  11 gnolls
  2 adders
  A shadow imp (D:8)
  2 oozes
  2 adder zombies
  4 worms
  2 dart slugs
  6 leopard geckos
  21 orcs
  7 giant cockroaches
  47 goblins
  27 hobgoblins
  25 jackals
  15 kobolds
  2 quokkas
  5 ball pythons
  12 bats
  4 frilled lizards
  A leopard gecko skeleton (D:5)
  A quokka skeleton (D:5)
  13 rats
272 creatures vanquished.

Vanquished Creatures (others)
  A quokka zombie (D:6)
1 creature vanquished.

Grand Total: 273 creatures vanquished

Notes
Turn   | Place    | Note
-------+----------+-------------------------------------------
     0 | D:1      | Angani the Gnoll Wanderer began the quest for the Orb.
     0 | D:1      | Angani set off with: 4 curare-tipped needles, a +2 blowgun, a +0 spear, a +0 hand axe, a +0 robe, a bread ration
     0 | D:1      | Reached XP level 1. HP: 20/20 MP: 2/2
   143 | D:1      | Reached XP level 2. HP: 22/26 MP: 3/3
   393 | D:1      | Reached XP level 3. HP: 28/31 MP: 4/4
   998 | D:1      | Reached skill level 1 in Short Blades
   998 | D:1      | Reached skill level 1 in Long Blades
   998 | D:1      | Reached skill level 1 in Maces & Flails
   998 | D:1      | Reached skill level 1 in Polearms
   998 | D:1      | Reached skill level 1 in Staves
   998 | D:1      | Reached skill level 1 in Slings
   998 | D:1      | Reached skill level 1 in Bows
   998 | D:1      | Reached skill level 1 in Crossbows
   998 | D:1      | Reached skill level 1 in Dodging
   998 | D:1      | Reached skill level 1 in Shields
   998 | D:1      | Reached skill level 1 in Unarmed Combat
   998 | D:1      | Reached skill level 1 in Spellcasting
   998 | D:1      | Reached skill level 1 in Conjurations
   998 | D:1      | Reached skill level 1 in Hexes
   998 | D:1      | Reached skill level 1 in Charms
   998 | D:1      | Reached skill level 1 in Summonings
   998 | D:1      | Reached skill level 1 in Necromancy
   998 | D:1      | Reached skill level 1 in Translocations
   998 | D:1      | Reached skill level 1 in Transmutations
   998 | D:1      | Reached skill level 1 in Fire Magic
   998 | D:1      | Reached skill level 1 in Ice Magic
   998 | D:1      | Reached skill level 1 in Air Magic
   998 | D:1      | Reached skill level 1 in Earth Magic
   998 | D:1      | Reached skill level 1 in Poison Magic
   998 | D:1      | Reached skill level 1 in Invocations
  1097 | D:1      | Found a glowing golden altar of the Shining One.
  1103 | D:1      | Reached XP level 4. HP: 35/38 MP: 6/6
  1531 | D:2      | Noticed Robin
  1568 | D:2      | Reached XP level 5. HP: 7/43 MP: 7/7
  1578 | D:2      | Killed Robin
  1589 | D:2      | Got a shimmering helmet
  1867 | D:2      | Identified the +2 helmet "Ecresk" {-Tele rF+ rN+ Regen+} (You took it off Robin on level 2 of the Dungeon)
  1892 | D:2      | Found a basalt altar of Yredelemnul.
  1902 | D:2      | Found a sparkling altar of Nemelex Xobeh.
  1902 | D:2      | Found an opulent altar of Gozag.
  1902 | D:2      | Found a bloodstained altar of Trog.
  1904 | D:2      | Found a glowing silver altar of Zin.
  1905 | D:2      | Found a hide-covered altar of Uskayaw.
  1906 | D:2      | Found a radiant altar of Vehumet.
  1907 | D:2      | Found an ornate altar of the Wu Jian Council.
  2182 | D:2      | Noticed Natasha
  2197 | D:2      | Killed Natasha
  2415 | D:3      | Reached XP level 6. HP: 50/50 MP: 8/8
  2669 | D:3      | Found a glowing drain.
  2740 | Sewer    | Entered a sewer
  3113 | D:3      | Noticed Ijyb
  3186 | D:3      | Killed Ijyb
  3186 | D:3      | Reached skill level 5 in Fighting
  3186 | D:3      | Reached skill level 5 in Armour
  3837 | D:3      | Found a burning altar of Makhleb.
  3922 | D:4      | Found a staircase to the Ecumenical Temple.
  3931 | D:3      | Reached XP level 7. HP: 56/56 MP: 10/10
  3972 | Temple   | Entered the Ecumenical Temple
  3985 | Temple   | Became a worshipper of Ashenzari the Shackled
  4044 | D:4      | Noticed Edmund
  4057 | D:4      | Gained mutation: Your spells are a little harder to cast, but a little more powerful. [potion of mutation]
  4057 | D:4      | Gained mutation: You have sharp fingernails. [potion of mutation]
  4057 | D:4      | Gained mutation: You are partially covered in rugged brown scales. (AC +1, +3% HP) [potion of mutation]
  4060 | D:4      | Reached skill level 7 in Axes
  4248 | D:4      | Found a white marble altar of Elyvilon.
  4507 | D:5      | Entered Level 5 of the Dungeon
  4827 | D:5      | Reached XP level 8. HP: 64/64 MP: 12/12
  5172 | D:5      | Noticed a hippogriff
  5194 | D:5      | Killed a hippogriff
  5332 | D:6      | Found a deep blue altar of Sif Muna.
  5396 | D:6      | Learned a level 1 spell: Apportation
  5428 | D:6      | Killed Edmund
  5448 | D:6      | Noticed gorpus's ghost (novice OpWr)
  5491 | D:6      | Killed gorpus's ghost
  5491 | D:6      | Reached XP level 9. HP: 71/71 MP: 14/14
  6192 | D:6      | Noticed Pikel
  6238 | D:6      | Killed Pikel
  6238 | D:6      | Reached skill level 5 in Throwing
  6238 | D:6      | Reached skill level 5 in Stealth
  6238 | D:6      | Reached skill level 5 in Evocations
  6871 | D:7      | Reached skill level 8 in Axes
  7226 | D:7      | Found Jahaozuh's Magic Scroll Shoppe.
  7233 | D:7      | Bought a scroll of enchant weapon for 90 gold pieces
  7240 | D:7      | Reached * piety under Ashenzari
  7249 | D:7      | Bought a scroll of remove curse for 36 gold pieces
  7249 | D:7      | Bought a scroll of remove curse for 36 gold pieces
  7356 | D:7      | Found Joamad's Armour Shop.
  7479 | D:7      | Reached XP level 10. HP: 70/79 MP: 13/17
  7516 | D:7      | Reached skill level 5 in Short Blades
  7516 | D:7      | Reached skill level 5 in Long Blades
  7516 | D:7      | Reached skill level 5 in Maces & Flails
  7516 | D:7      | Reached skill level 5 in Polearms
  7516 | D:7      | Reached skill level 5 in Staves
  7516 | D:7      | Reached skill level 5 in Slings
  7516 | D:7      | Reached skill level 5 in Bows
  7516 | D:7      | Reached skill level 5 in Crossbows
  7516 | D:7      | Reached skill level 5 in Dodging
  7516 | D:7      | Reached skill level 5 in Shields
  7516 | D:7      | Reached skill level 5 in Unarmed Combat
  7516 | D:7      | Reached skill level 5 in Spellcasting
  7516 | D:7      | Reached skill level 5 in Conjurations
  7516 | D:7      | Reached skill level 5 in Hexes
  7516 | D:7      | Reached skill level 5 in Charms
  7516 | D:7      | Reached skill level 5 in Summonings
  7516 | D:7      | Reached skill level 5 in Necromancy
  7516 | D:7      | Reached skill level 5 in Translocations
  7516 | D:7      | Reached skill level 5 in Transmutations
  7516 | D:7      | Reached skill level 5 in Fire Magic
  7516 | D:7      | Reached skill level 5 in Ice Magic
  7516 | D:7      | Reached skill level 5 in Air Magic
  7516 | D:7      | Reached skill level 5 in Earth Magic
  7516 | D:7      | Reached skill level 5 in Poison Magic
  7516 | D:7      | Reached skill level 5 in Invocations
  7647 | D:7      | Found Methi's Jewellery Shop.
  7698 | D:7      | Noticed Joseph
  7723 | D:7      | Killed Joseph
  7843 | D:7      | Found Cuurirph's Antique Weapon Shoppe.
  7846 | D:7      | Bought a pitted halberd for 171 gold pieces
  7846 | D:7      | Identified the +7 halberd of the Boiling Point {chop, rN++} (You bought it in a shop on level 7 of the Dungeon)
  7942 | D:7      | Gained mutation: You are partially covered in icy blue scales. (AC +2) [mutagenic meat]
  7943 | D:7      | Gained mutation: You are clumsy. (Dex -2) [mutagenic meat]
  7944 | D:7      | Gained mutation: You are frail. (-10% HP) [mutagenic meat]
  7945 | D:7      | Lost mutation: You are clumsy. (Dex -2) [mutagenic meat]
  7946 | D:7      | Gained mutation: Armour fits poorly on your strangely shaped body. [mutagenic meat]
  7947 | D:7      | Gained mutation: You can translocate small distances at will. [mutagenic meat]
  8042 | D:7      | Got the cursed large shield "Ipralar" {rPois SInv}
  8285 | D:8      | Noticed a two-headed ogre
  8321 | D:8      | HP: 3/109 [two-headed ogre/dire flail (5)]
  8321 | D:8      | Slain by a two-headed ogre

Vault maps used:
D:1:      saegor_arrival_under_anarchy, st_stairs_5, tso_altar
D:2:      minitemple, uniq_robin, uniq_natasha
D:3:      makhleb_grotto_becter, gup_sewer_entry_glass, first_bread, uniq_ijyb
D:4:      lemuel_round_altar, minmay_temple_entry_butterflies, uniq_edmund
D:6:      minmay_goblin_kobold_castle, led_sif_book, serial_bayou,
          serial_bayou_pond_e, serial_bayou_shore_b, serial_bayou_pond_e,
          serial_bayou_ford_a, minmay_misc_feat_cross, uniq_pikel
D:7:      serial_shops, shop, shop, shop, kennysheep_mini_moat, grunt_livestock,
          uniq_joseph
D:8:      okawaru_gym_becter, erik_lair_island, nicolae_underground_beach
Temple:   compressed_dpeg_triangle_lava_temple
Sewer:    sewer_fruit_machine

Skill      XL: |  1  2  3  4  5  6  7  8  9 10 |
---------------+-------------------------------+-----
Short Blades   | 1 2 3 4 5 |  5.2
Long Blades    | 1 2 3 4 5 |  5.2
Maces & Flails | 1 2 3 4 5 |  5.2
Polearms       | 1 2 3 4 5 |  5.2
Staves         | 1 2 3 4 5 |  5.2
Slings         | 1 2 3 4 5 |  5.2
Bows           | 1 2 3 4 5 |  5.2
Crossbows      | 1 2 3 4 5 |  5.2
Dodging        | 1 2 3 4 5 |  5.2
Shields        | 1 2 3 4 5 |  5.2
Unarmed Combat | 1 2 3 4 5 |  5.2
Spellcasting   | 1 2 3 4 5 |  5.2
Conjurations   | 1 2 3 4 5 |  5.2
Hexes          | 1 2 3 4 5 |  5.2
Charms         | 1 2 3 4 5 |  5.2
Summonings     | 1 2 3 4 5 |  5.2
Necromancy     | 1 2 3 4 5 |  5.2
Translocations | 1 2 3 4 5 |  5.2
Transmutations | 1 2 3 4 5 |  5.2
Fire Magic     | 1 2 3 4 5 |  5.2
Ice Magic      | 1 2 3 4 5 |  5.2
Air Magic      | 1 2 3 4 5 |  5.2
Earth Magic    | 1 2 3 4 5 |  5.2
Poison Magic   | 1 2 3 4 5 |  5.2
Invocations    | 1 2 3 4 5 |  5.2
Throwing       | 3 4 5 |  5.8
Evocations     | 3 4 5 |  5.8
Stealth        | 3 4 5 |  5.7
Fighting       | 5 6 7 |  7.0
Armour         | 5 6 7 |  7.0
Axes           | 7 8 |  8.4

Action                   |  1- 3 |  4- 6 |  7- 9 | 10-12 || total
-------------------------+-------+-------+-------+-------++-------
Melee: Hand axe          |   139 |   417 |   450 |       ||  1006
       Bite              |     7 |    39 |    69 |    14 ||   129
       Punch             |     1 |     3 |     7 |       ||    11
       Battleaxe         |       |       |    94 |   116 ||   210
Invok: Curse Item        |       |       |     4 |       ||     4
Evoke: Wand              |       |       |     4 |       ||     4
  Use: Potion            |       |     5 |     4 |     4 ||    13
       Scroll            |       |     3 |     5 |     2 ||    10
 Stab: Sleeping          |     2 |     3 |     2 |       ||     7
       Confused          |       |       |     1 |       ||     1
  Eat: Chunk             |     1 |     9 |     9 |     7 ||    26
       Fruit             |       |       |     4 |       ||     4
       Meat ration       |       |       |       |     1 ||     1
Armor: Ring mail         |    72 |   192 |    22 |       ||   286
       Skin              |       |     2 |     6 |     6 ||    14
       Scale mail        |       |       |   226 |    58 ||   284
Dodge: Dodged            |    96 |   205 |   274 |    79 ||   654

Table legend:
 A = Spawn XP
 B = Non-spawn XP
 C = Spawn XP percentage of total XP
 D = Spawn monster count
 E = Non-spawn monster count
 F = Spawn count percentage of total count
 G = Total turns spent on level
                    A         B        C        D         E        F      G
               +---------+---------+-------+---------+---------+-------+---------
         Total |       0 |    6632 |   0.0 |       0 |     272 |   0.0 |  8321
               +---------+---------+-------+---------+---------+-------+---------
           D:1 |       0 |      90 |   0.0 |       0 |      48 |   0.0 |  1413
           D:2 |       0 |     157 |   0.0 |       0 |      32 |   0.0 |   952
           D:3 |       0 |     413 |   0.0 |       0 |      43 |   0.0 |  1231
           D:4 |       0 |     236 |   0.0 |       0 |       8 |   0.0 |   539
           D:5 |       0 |     854 |   0.0 |       0 |      22 |   0.0 |   799
           D:6 |       0 |    2215 |   0.0 |       0 |      74 |   0.0 |  1739
           D:7 |       0 |    2541 |   0.0 |       0 |      27 |   0.0 |  1130
           D:8 |       0 |      96 |   0.0 |       0 |       3 |   0.0 |   146
         Sewer |       0 |      30 |   0.0 |       0 |      15 |   0.0 |   351
               +---------+---------+-------+---------+---------+-------+---------
